 Dungeon Crawl Stone Soup version 0.23-a0-49-gd9f7a49 (webtiles) character file.

74 Amnesiac the Digger (level 4, -1/30 HPs)
             Began as a Mummy Earth Elementalist on Aug 6, 2018.
             Shot with an arrow by a centaur (15 damage)
             ... on level 5 of the Dungeon.
             The game lasted 00:02:20 (1191 turns).

Amnesiac the Digger (Mummy Earth Elementalist)      Turns: 1191, Time: 00:02:21

Health: -1/30      AC:  2    Str: 11    XL:     4   Next: 9%
Magic:  9/9        EV: 12    Int: 15    God:
Gold:   72         SH:  0    Dex: 12    Spells: 4/10 levels left

rFire    x . .     SeeInvis .   a - +0 hunting sling
rCold    + . .     Gourm    .   (no shield)
rNeg     + + +     Faith    .   c - +0 robe
rPois    ∞         Spirit   .   (no helmet)
rElec    .         Reflect  .   (no cloak)
rCorr    .         Harm     .   (no gloves)
MR       .....                  (no boots)
Stlth    ++........             (no amulet)
HPRegen  0.10/turn              (no ring)
MPRegen  0.11/turn              (no ring)

@: no status effects
A: no food or potions, fire vulnerability, cold resistance 1, negative energy
resistance 3, torment resistance, unbreathing
a: no special abilities


You were on level 5 of the Dungeon.
You were not hungry.

You visited 1 branch of the dungeon, and saw 5 of its levels.

You collected 72 gold pieces.

Inventory:

Hand Weapons
 a - a +0 hunting sling (weapon)
 g - a +0 blowgun
Missiles
 b - 99 stones
 d - 5 poisoned needles
 h - 13 sling bullets (quivered)
Armour
 c - a +0 robe (worn)
Scrolls
 e - 4 scrolls of identify {!r, unknown}
 f - a scroll of enchant armour {!r, unknown}
 i - a scroll of fog {!r, unknown}


   Skills:
 - Level 1.5 Dodging
 - Level 1.5 Stealth
 + Level 3.6 Spellcasting
 - Level 0.7 Transmutations
 * Level 3.7 Earth Magic


You had 4 spell levels left.
You knew the following spells:

 Your Spells              Type           Power        Failure   Level  Hunger
a - Sandblast             Erth           ##....       4%          1    N/A
b - Passwall              Tmut/Erth      #.......     12%         2    N/A
c - Stone Arrow           Conj/Erth      #.....       26%         3    N/A

Your spell library contained the following spells:

 Spells                   Type           Power        Failure   Level  Hunger
 Lee's Rapid Deconstruct  Erth           ##........   75%         5    N/A
 Petrify                  Tmut/Erth      #.......     58%         4    N/A

Dungeon Overview and Level Annotations

Branches:
Dungeon (5/15)
 Temple: D:4-7

Altars:
Ashenzari
Okawaru
Qazlal
Sif Muna
Wu Jian


Innate Abilities, Weirdness & Mutations

You do not eat or drink.
Your flesh is vulnerable to fire.
You are immune to poison.
Your flesh is cold resistant. (rC+)
You are immune to negative energy. (rN+++)
You are immune to unholy pain and torment.
You can survive without breathing.


Message History

Firing (i - inventory. (/) - cycle)
h - 11 sling bullets (quivered)
Press: ? - help, Shift-Dir - straight line, f/p - leopard gecko skeleton
Aim: a leopard gecko skeleton You shoot a sling bullet.
The sling bullet barely misses the leopard gecko skeleton.
Firing (i - inventory. (/) - cycle)
h - 10 sling bullets (quivered)
Press: ? - help, Shift-Dir - straight line, f/p - leopard gecko skeleton
Aim: a leopard gecko skeleton You shoot a sling bullet.
The sling bullet hits the leopard gecko skeleton but does no damage.
The leopard gecko skeleton bites you but does no damage.
Firing (i - inventory. (/) - cycle)
h - 9 sling bullets (quivered)
Press: ? - help, Shift-Dir - straight line, f/p - leopard gecko skeleton
Aim: a leopard gecko skeleton You shoot a sling bullet.
The sling bullet barely misses the leopard gecko skeleton.
The leopard gecko skeleton closely misses you.
The leopard gecko skeleton barely misses you.
Firing (i - inventory. (/) - cycle)
h - 8 sling bullets (quivered)
Press: ? - help, Shift-Dir - straight line, f/p - leopard gecko skeleton
Aim: a leopard gecko skeleton You shoot a sling bullet.
The sling bullet hits the leopard gecko skeleton.
The leopard gecko skeleton is moderately damaged.
The leopard gecko skeleton barely misses you.
Firing (i - inventory. (/) - cycle)
h - 7 sling bullets (quivered)
Press: ? - help, Shift-Dir - straight line, f/p - leopard gecko skeleton
Aim: a leopard gecko skeleton (moderately damaged)
You shoot a sling bullet.
The sling bullet barely misses the leopard gecko skeleton.
The leopard gecko skeleton closely misses you.
Firing (i - inventory. (/) - cycle)
h - 6 sling bullets (quivered)
Press: ? - help, Shift-Dir - straight line, f/p - leopard gecko skeleton
Aim: a leopard gecko skeleton (moderately damaged)
You shoot a sling bullet.
The sling bullet hits the leopard gecko skeleton!
You destroy the leopard gecko skeleton!
No reachable target in view!
No reachable target in view!
Found a scroll labeled ASMUFO ISARE.
h - 8 sling bullets (gained 3)
Found 18 gold pieces.
h - 10 sling bullets (gained 2)
Found 13 gold pieces.
e - 4 scrolls labeled ASMUFO ISARE {!r} (gained 1)
You now have 59 gold pieces (gained 18).
h - 13 sling bullets (gained 3)
You now have 72 gold pieces (gained 13).
A scorpion comes into view.
There is a stone staircase leading down here.
You climb downwards.
A centaur comes into view.
There is a stone staircase leading up here.
The centaur shouts!
The centaur wields a runed shortbow.
It bursts into flame!
The centaur shoots an arrow.
The arrow hits you. The arrow burns you.
You see here an arrow.
The centaur shoots an arrow.
The arrow hits you! The arrow burns you.
* * * LOW HITPOINT WARNING * * *
You see here an arrow.
The centaur shoots an arrow.
The arrow completely misses you.
The centaur shoots an arrow.
The arrow hits you!
Ouch! That really hurt!
You die...

### #<#
#(#####.###
#.@........
#.#########
#c# #.# ..#
###


You could see a centaur.

Vanquished Creatures
  A howler monkey (D:4)
  2 adders (D:4)
  A worm (D:4)
  2 leopard geckos (D:4)
  4 jackals (D:1)
  A ball python (D:3)
  A kobold (D:3)
  A leopard gecko skeleton (D:4)
  2 rats
15 creatures vanquished.

Notes
Turn   | Place    | Note
-------+----------+-------------------------------------------
     0 | D:1      | Amnesiac the Mummy Earth Elementalist began the quest for the Orb.
     0 | D:1      | Reached XP level 1. HP: 13/13 MP: 4/4
   580 | D:3      | Found a faded altar of an unknown god.
   580 | D:3      | Found an ornate altar of the Wu Jian Council.
   585 | D:3      | Found a faded altar of an unknown god.
   587 | D:3      | Found an iron altar of Okawaru.
   588 | D:3      | Found a shattered altar of Ashenzari.
   641 | D:3      | Reached XP level 2. HP: 19/19 MP: 3/5
   645 | D:3      | Learned a level 2 spell: Passwall
   662 | D:4      | Noticed a howler monkey
   671 | D:4      | Killed a howler monkey
   671 | D:4      | Reached XP level 3. HP: 24/24 MP: 1/7
   681 | D:4      | Learned a level 3 spell: Stone Arrow
   709 | D:5      | Entered Level 5 of the Dungeon
  1065 | D:4      | Found a deep blue altar of Sif Muna.
  1070 | D:4      | Reached XP level 4. HP: 30/30 MP: 7/9
  1080 | D:4      | Noticed an air elemental
  1082 | D:4      | Found a stormy altar of Qazlal.
  1091 | D:4      | Noticed a water elemental
  1100 | D:4      | Noticed a fire elemental
  1100 | D:4      | Noticed an earth elemental
  1187 | D:5      | Noticed a centaur
  1191 | D:5      | Shot with an arrow by a centaur

Vault maps used:
D:1:      evilmike_arrival_hilbert_curve
D:2:      grunt_temple_overflow_opulence, lightli_temple_of_fire,
          kennysheep_slug_shrine, led_sif_pool
D:3:      chequers_temple_overflow_minitemple
D:4:      overflow_temple_1_default, nicolae_qazlal_style_of_elements,
          first_ration
D:5:      hex_large, uniq_duvessa, uniq_ijyb

Skill      XL: |  1  2 |
---------------+-------+-----
Spellcasting   | 3 |  3.6
Earth Magic    | 3 |  3.7
Dodging        | |  1.5
Stealth        | |  1.5
Transmutations | |  0.7

Action                   |  1- 3 |  4- 6 || total
-------------------------+-------+-------++-------
Melee: Unarmed           |    17 |       ||    17
 Fire: Hunting sling     |    22 |     8 ||    30
 Cast: Sandblast         |    18 |     1 ||    19
Armor: Robe              |    12 |     1 ||    13
Dodge: Dodged            |    30 |     5 ||    35

Table legend:
 A = Spawn XP
 B = Non-spawn XP
 C = Spawn XP percentage of total XP
 D = Spawn monster count
 E = Non-spawn monster count
 F = Spawn count percentage of total count
 G = Total turns spent on level
                    A         B        C        D         E        F      G
               +---------+---------+-------+---------+---------+-------+---------
         Total |       0 |     106 |   0.0 |       0 |      15 |   0.0 |  1191
               +---------+---------+-------+---------+---------+-------+---------
           D:1 |       0 |       9 |   0.0 |       0 |       5 |   0.0 |   482
           D:2 |       0 |       1 |   0.0 |       0 |       1 |   0.0 |    79
           D:3 |       0 |       2 |   0.0 |       0 |       2 |   0.0 |   147
           D:4 |       0 |      94 |   0.0 |       0 |       7 |   0.0 |   455
               +---------+---------+-------+---------+---------+-------+---------
